 Dungeon Crawl Stone Soup version bcrawl-1.19.2-6-g6a88ae04c9 (webtiles) character file.

Game seed: 14840722073222814199

19411 Mrkan the Basher (level 12, -14/79 HPs)
             Began as a Gargoyle Fighter on Dec 31, 2019.
             Was an Elder of Wu Jian.
             Splashed by an oklob plant's acid (15 damage)
             ... on level 3 of the Lair of Beasts.
             The game lasted 00:16:25 (11777 turns).

Mrkan the Basher (Gargoyle Fighter)                Turns: 11777, Time: 00:16:25

Health: -14/79     AC: 21    Str: 21    XL:     12   Next: 68%
Magic:  12/12      EV:  8    Int:  9    God:    Wu Jian [****..]
Gold:   767        SH: 15    Dex: 13    Spells: 11/11 levels left

rFire    . . .     SeeInvis .   w - +6 flail (crush)
rCold    + + .     Gourm    .   c - +0 shield
rNeg     + . .     Faith    .   v - +1 ice dragon scales
rPois    ∞         Spirit   .   (no helmet)
rElec    +         Reflect  +   q - +0 cloak
rCorr    .         Harm     .   (no gloves)
MR       .....                  r - +1 pair of boots
Stlth    ..........             G - +3 amulet of reflection
HPRegen  0.23/turn              o - ring of protection from fire
MPRegen  0.13/turn              B - +2 ring of protection

@: corroded
A: negative energy resistance 1, electricity resistance, unbreathing,
petrification resistance, rot immunity, AC +8
a: Wall Jump, Serpent's Lash, Heavenly Storm, Renounce Religion


You were on level 3 of the Lair of Beasts.
You worshipped Wu Jian.
Wu Jian was greatly pleased with you.
You were not hungry.

You visited 2 branches of the dungeon, and saw 12 of its levels.

You collected 767 gold pieces.

Inventory:

Hand Weapons
 w - a +6 flail of crushing (weapon)
 D - the +3 hand axe of Zin's Vengeance {elec, Str+4, unknown}
   (You found it on level 9 of the Dungeon)

   Occasionally, upon striking a foe, it will discharge some electrical energy
   and cause terrible harm.
   It affects your strength (+4).
Armour
 c - a +0 shield (worn)
 q - a +0 cloak (worn)
 r - a +1 pair of boots (worn)
 v - +1 ice dragon scales (worn)
Jewellery
 o - a ring of protection from fire (left hand)
 B - a +2 ring of protection (right hand)
 F - an uncursed ring of protection from cold
 G - a +3 amulet of reflection (around neck)
 I - an uncursed ring of fire {unknown}
Wands
 y - a wand of polymorph (13)
 z - a wand of clouds (7)
 H - a wand of paralysis (6)
Scrolls
 i - 4 scrolls of remove curse
 j - 2 scrolls of amnesia
 m - 2 scrolls of immolation
 n - a scroll of fog
 t - a scroll of magic mapping
 u - 4 scrolls of teleportation
 x - 3 scrolls of blinking
 E - a scroll of silence {unknown}
 J - a scroll of identify
Potions
 a - a potion of magic {unknown}
 b - a potion of haste {unknown}
 d - 2 potions of agility
 e - a potion of resistance {unknown}
 g - 2 potions of mutation
 h - a potion of invisibility {unknown}
 k - 2 potions of flight {unknown}
 l - 4 potions of might
 p - 5 potions of curing
 s - 2 potions of berserk rage {unknown}
 A - 3 potions of brilliance
 C - 3 potions of heal wounds {unknown}
 L - a potion of lignification {unknown}
Comestibles
 f - 25 rations {!d}
 K - 5 chunks of flesh


   Skills:
 + Level 10.6 Fighting
 * Level 12.9 Maces & Flails
 + Level 10.6 Armour
 + Level 10.6 Shields


You had 11 spell levels left.
You didn't know any spells.
Your spell library contained the following spells:

 Spells                   Type           Power        Failure   Level  Hunger
 Apportation              Tloc           #.....       88%         1    ##.....
 Sandblast                Erth           #.....       88%         1    ##.....
 Summon Butterflies       Summ           #.......     88%         1    ##.....
 Passwall                 Tmut/Erth      #.......     96%         2    ###....
 Beckoning                Tloc           #.........   99%         3    ####...
 Confuse                  Hex            #.......     99%         3    ####...
 Dazzling Spray           Conj/Hex       #.....       99%         3    ####...
 Stone Arrow              Conj/Erth      #.....       99%         3    ####...
 Tukima's Dance           Hex            #.......     99%         3    ####...
 Petrify                  Tmut/Erth      #.......     100%        4    #####..
 Yara's Violent Unravell  Hex/Tmut       #.........   100%        4    #####..
 Lee's Rapid Deconstruct  Erth           #.........   100%        5    ######.
 Metabolic Englaciation   Hex/Ice        #.........   100%        5    ######.
 Invisibility             Hex            #.......     100%        6    #######
 Mana Rupture             Conj/Hex       #.........   100%        7    #######


Dungeon Overview and Level Annotations

Branches:
Dungeon (9/12)             Temple (0/1) D:7            Lair (3/6) D:9
    Orc (0/1) D:9
  Swamp: Lair:2-4    Shoals: Lair:2-4     Snake: Lair:2-4    Spider: Lair:2-4

Altars:
Elyvilon
Fedhas
Kikubaaqudgha
Okawaru
Trog
Uskayaw
Vehumet
Wu Jian
Yredelemnul
Zin

Shops:
D:7 *

Annotations:
D:7 3 runed translucent doors, Mrkan's ghost, novice MiFi
Lair:3 2 transporters, exclusion: 3 oklob plants, Mrkan's ghost, journeyman TrMo


Innate Abilities, Weirdness & Mutations

You are resistant to torment.
Your stone body is resilient. (AC +8)
You are immune to poison.
You resist negative energy. (rN+)
You are resistant to electric shocks. (rElec)
You can survive without breathing.
You are immune to petrification.
You are immune to rotting.


Message History

You hit the oklob plant.
The oklob plant is lightly damaged.
You hit the oklob plant.
The oklob plant is moderately damaged.
The oklob plant spits acid at you. The splash of acid hits you!
The acid corrodes you!
You are splashed with acid!
The oklob plant spits acid at you. The splash of acid hits you!
You are splashed with acid!
* * * LOW HITPOINT WARNING * * *
You hit the oklob plant but do no damage.
The oklob plant is moderately damaged.
The oklob plant spits acid at you. The splash of acid hits you!
The acid corrodes you!
You are splashed with acid!
* * * LOW HITPOINT WARNING * * *
You feel better. The oklob plant spits acid at you.
The splash of acid hits you!
* * * LOW HITPOINT WARNING * * *
You are splashed with acid!
You die...

##....#.###......#
##....###P..P##..#
#...(.#......##..#
#................#
.......+......#..##
#.....##.....##...#
##....####'P###..P#
.#....###...##.######
.##.............@[P.#
.?#............P.?.P#
.©#©......÷....P.?)(#
.i#............P%.(P#
.##.......#+##.######
##.....P###.###...
##...).##...###..#
#.......##....+..#
.......#.#..##...##


You could see 3 oklob plants.

Vanquished Creatures
  Fannar (Lair:2)
  2 hydras
  A centaur warrior (D:9)
  Nergalle (Lair:2)
  An oklob plant (Lair:2)
  2 black mambas (Lair:2)
  6 cane toads
  2 gargoyles
  A rime drake (Lair:1)
  3 komodo dragons
  Prince Ribbit (Lair:2)
  A troll (D:8)
  Grinder (D:3)
  A hornet (D:7)
  A polar bear (Lair:3)
  5 hippogriffs
  6 blink frogs (Lair:2)
  2 dream sheep (D:9)
  A meliai zombie (D:9)
  A wyvern (Lair:3)
  7 yaks
  2 basilisks (Lair:2)
  2 steam dragons
  2 humans (D:9)
  Edmund (D:4)
  7 crocodiles
  2 wargs (D:9)
  Duvessa (D:4)
  2 water moccasins
  7 porcupines
  A black bear (D:9)
  2 orc warriors (D:6)
  4 sky beasts
  An ice beast (D:7)
  A phantom (D:6)
  3 ogres
  A wolf (Lair:1)
  8 centaurs
  4 big kobolds
  4 bullfrogs
  Blork the orc (D:4)
  Dowan (D:4)
  A water moccasin zombie (D:5)
  4 scorpions
  A jelly (D:7)
  3 wights (D:8)
  A howler monkey (D:5)
  5 crimson imps
  A centaur zombie (D:6)
  2 bullfrog zombies (D:5)
  4 hounds
  A centaur skeleton (D:5)
  A bullfrog skeleton (D:6)
  3 orc priests
  6 orc wizards
  Ijyb (D:3)
  7 worker ants
  3 iguanas
  2 hound zombies
  A hound skeleton (D:4)
  2 howler monkey zombies (D:5)
  2 worker ant zombies
  A howler monkey skeleton (D:6)
  9 adders
  3 shadow imps
  An adder zombie (D:5)
  3 adder skeletons
  7 worms
  A dart slug (D:1)
  4 leopard geckos
  17 orcs
  3 ball pythons
  4 bats
  6 giant cockroaches
  8 goblins
  8 hobgoblins
  5 jackals
  5 quokkas
  A frilled lizard (D:2)
  A jackal skeleton (D:6)
  16 kobolds
  A leopard gecko skeleton (D:5)
  A leopard gecko zombie (D:5)
  9 rats
  3 fungi (D:9)
  3 plants
275 creatures vanquished.

Vanquished Creatures (others)
  An adder zombie (D:5)
  An adder skeleton (D:5)
  A dart slug (D:5)
  A jackal zombie (D:5)
  2 fungi (D:9)
  A plant (Lair:3)
7 creatures vanquished.

Grand Total: 282 creatures vanquished

Notes
Turn   | Place    | Note
-------+----------+-------------------------------------------
     0 | D:1      | Mrkan the Gargoyle Fighter began the quest for the Orb.
     0 | D:1      | Reached XP level 1. HP: 14/14 MP: 1/1
   186 | D:1      | Reached XP level 2. HP: 18/19 MP: 2/2
   519 | D:1      | Reached XP level 3. HP: 22/23 MP: 3/3
  1178 | D:2      | Reached skill level 3 in Maces & Flails
  1178 | D:2      | Reached XP level 4. HP: 29/29 MP: 4/4
  1274 | D:2      | Found an ornate altar of the Wu Jian Council.
  1293 | D:2      | Became a worshipper of the Wu Jian Council
  2179 | D:3      | Found a bloodstained altar of Trog.
  2181 | D:3      | Noticed Grinder
  2186 | D:3      | Paralysed by Grinder for 4 turns
  2196 | D:3      | Killed Grinder
  2196 | D:3      | Reached skill level 4 in Maces & Flails
  2196 | D:3      | Reached XP level 5. HP: 26/34 MP: 5/5
  2196 | D:3      | Reached XP level 6. HP: 30/39 MP: 6/6
  2341 | D:3      | Found a white marble altar of Elyvilon.
  2732 | D:3      | Reached * piety under Wu Jian
  2779 | D:3      | Reached XP level 7. HP: 36/44 MP: 7/7
  2909 | D:3      | Noticed Ijyb
  2930 | D:3      | Killed Ijyb
  3193 | D:4      | Reached skill level 5 in Maces & Flails
  3230 | D:4      | Noticed Blork the orc
  3238 | D:4      | Killed Blork the orc
  3272 | D:4      | Reached skill level 5 in Fighting
  3272 | D:4      | Reached skill level 5 in Armour
  3272 | D:4      | Reached skill level 5 in Shields
  3462 | D:4      | Noticed Dowan
  3462 | D:4      | Noticed Duvessa
  3483 | D:4      | Noticed Edmund
  3488 | D:4      | Killed Duvessa
  3494 | D:4      | Killed Edmund
  3505 | D:4      | Killed Dowan
  3505 | D:4      | Reached XP level 8. HP: 41/50 MP: 8/8
  3601 | D:4      | Reached skill level 6 in Maces & Flails
  3868 | D:5      | Entered Level 5 of the Dungeon
  3871 | D:5      | Found a basalt altar of Yredelemnul.
  4008 | D:5      | Found a radiant altar of Vehumet.
  4374 | D:5      | Reached ** piety under Wu Jian
  4383 | D:5      | Reached skill level 7 in Maces & Flails
  4877 | D:6      | Reached XP level 9. HP: 50/56 MP: 9/9
  4992 | D:6      | Found an iron altar of Okawaru.
  5076 | D:6      | Found a blossoming altar of Fedhas.
  5300 | D:6      | Reached skill level 8 in Maces & Flails
  5399 | D:6      | Found a glowing silver altar of Zin.
  6026 | D:7      | Noticed a gargoyle
  6030 | D:7      | Killed a gargoyle
  6031 | D:7      | Found Gaabrass's Assorted Antiques.
  6147 | D:7      | Reached skill level 9 in Maces & Flails
  6147 | D:7      | Reached XP level 10. HP: 58/63 MP: 10/10
  6350 | D:7      | Found a staircase to the Ecumenical Temple.
  6469 | D:7      | Found a runed translucent gate.
  6470 | D:7      | Found a runed translucent gate.
  6471 | D:7      | Noticed an orc knight
  6472 | D:7      | Found a runed translucent gate.
  6474 | D:7      | Noticed Mrkan's ghost (novice MiFi)
  6942 | D:8      | Found a hide-covered altar of Uskayaw.
  7540 | D:8      | Reached *** piety under Wu Jian
  7620 | D:8      | Found an ancient bone altar of Kikubaaqudgha.
  7812 | D:9      | Found a staircase to the Lair.
  7829 | D:9      | Reached skill level 10 in Maces & Flails
  7985 | D:9      | Noticed a centaur warrior
  7990 | D:9      | Killed a centaur warrior
  8049 | D:9      | Reached XP level 11. HP: 69/69 MP: 11/11
  8101 | D:9      | Noticed a three-headed hydra
  8106 | D:9      | Killed a three-headed hydra
  8187 | D:9      | Got a faintly humming chain mail
  8200 | D:9      | Got a translucent hand axe
  8306 | D:9      | Found a staircase to the Orcish Mines.
  8317 | D:9      | Reached skill level 11 in Maces & Flails
  8534 | D:9      | Found an iron altar of Okawaru.
  8848 | Lair:1   | Entered Level 1 of the Lair of Beasts
  9206 | Lair:1   | Reached **** piety under Wu Jian
  9217 | Lair:1   | Identified the cursed +0 chain mail of Elez {rC+ MR+} (You
                  | found it on level 9 of the Dungeon)
 10168 | Lair:2   | Reached skill level 12 in Maces & Flails
 10168 | Lair:2   | Reached XP level 12. HP: 66/77 MP: 12/12
 10311 | Lair:2   | Reached skill level 10 in Fighting
 10311 | Lair:2   | Reached skill level 10 in Armour
 10311 | Lair:2   | Reached skill level 10 in Shields
 10416 | Lair:2   | Noticed Prince Ribbit
 10460 | Lair:2   | Killed Prince Ribbit
 10500 | Lair:2   | Noticed Nergalle
 10542 | Lair:2   | Killed Nergalle
 11026 | Lair:2   | Noticed Fannar
 11045 | Lair:2   | Killed Fannar
 11174 | Lair:2   | Noticed a four-headed hydra
 11186 | Lair:2   | Killed a four-headed hydra
 11443 | Lair:3   | Noticed Mrkan's ghost (journeyman TrMo)
 11443 | Lair:3   | Identified the cursed +1 lajatang "Pinureosh" {flame, rElec
                  | rF+}
 11443 | Lair:3   | Noticed a spriggan berserker
 11444 | Lair:3   | Identified the +3 trident of Jyeg Qapiof {venom, rC+ Str+2}
 11444 | Lair:3   | Noticed a spriggan rider
 11447 | Lair:3   | Found a transporter.
 11449 | Lair:3   | Found a transporter.
 11462 | Lair:3   | Identified the +4 demon trident "Ulaaffae" {distort, MR+
                  | SInv}
 11462 | Lair:3   | Noticed a spriggan rider
 11775 | Lair:3   | HP: 3/79 [acid (10)]
 11777 | Lair:3   | HP: 1/79 [oklob plant/splash of acid (11)]
 11777 | Lair:3   | Splashed by an oklob plant's acid

Skill      XL: |  1  2  3  4  5  6  7  8  9 10 11 12 |
---------------+-------------------------------------+-----
Maces & Flails | 3 4 5 7 9 10 12 | 12.9
Fighting       | 4 5 6 7 8 9 10 | 10.6
Armour         | 4 5 6 7 8 9 10 | 10.6
Shields        | 4 5 6 7 8 9 10 | 10.6

Action                   |  1- 3 |  4- 6 |  7- 9 | 10-12 || total
-------------------------+-------+-------+-------+-------++-------
Melee: Flail             |   189 |   160 |   356 |   602 ||  1307
Invok: Lunge             |       |    13 |    26 |    26 ||    65
       Whirlwind         |       |     3 |    13 |    37 ||    53
  Use: Potion            |       |       |     1 |     1 ||     2
       Scroll            |       |       |    13 |     2 ||    15
  Eat: Chunk             |     1 |     6 |     8 |    18 ||    33
       Ration            |       |       |     1 |       ||     1
Armor: Scale mail        |    53 |       |       |       ||    53
       Chain mail        |   138 |    32 |       |       ||   170
       Ice dragon scales |       |    50 |   157 |   252 ||   459
       Skin              |       |       |     6 |       ||     6
Dodge: Dodged            |    83 |    28 |    71 |   116 ||   298
Block: Shield            |   142 |    62 |   158 |   262 ||   624
       Reflection        |       |       |       |     1 ||     1
